 Dungeon Crawl Stone Soup version 0.26-a0-201-gb271ac0 (webtiles) character file.

Game seed: 4735733123069267738

8 popps the Charlatan (level 2, -4/16 HPs)
             Began as a Kobold Artificer on July 6, 2020.
             Slain by a kobold
             ... wielding a +0 short sword
              (5 damage)
             ... on level 1 of the Dungeon.
             The game lasted 00:00:21 (171 turns).

popps the Charlatan (Kobold Artificer)               Turns: 171, Time: 00:00:21

Health: -4/16      AC:  3    Str:  9    XL:     2   Next: 15%
Magic:  2/2        EV: 15    Int: 12    God:
Gold:   0          SH:  0    Dex: 15    Spells: 1/1 levels left

rFire    . . .     SeeInvis .   a - +0 short sword
rCold    . . .     Faith    .   (shield restricted)
rNeg     . . .     Spirit   .   b - +0 leather armour
rPois    .         Reflect  .   (no helmet)
rElec    .         Harm     .   (no cloak)
rCorr    .                      (no gloves)
MR       .....                  (no boots)
Stlth    ++........             (no amulet)
HPRegen  0.05/turn              (no ring)
MPRegen  0.08/turn              (no ring)

@: no status effects
A: small, carnivore
a: no special abilities


You were on level 1 of the Dungeon.
You were not hungry.

You visited 1 branch of the dungeon, and saw 1 of its levels.

Inventory:

Hand Weapons
 a - a +0 short sword (weapon)
Armour
 b - a +0 leather armour (worn)
Wands
 c - a wand of flame (15)
 d - a wand of enslavement (15)
 e - a wand of random effects (15)
Scrolls
 g - a scroll of remove curse {unknown}
 h - a scroll of teleportation {unknown}
Potions
 i - 2 potions of haste {unknown}
Comestibles
 f - 2 rations


   Skills:
 + Level 1.4 Fighting
 + Level 1.7 Short Blades
 + Level 2.6 Dodging
 + Level 1.8 Stealth
 + Level 3.7 Evocations


You had one spell level left.
You didn't know any spells.
Your spell library was empty.

Dungeon Overview and Level Annotations

Branches:
Dungeon (1/15)

Altars:


Innate Abilities, Weirdness & Mutations

You are small and have problems with some larger weapons.
You are carnivorous and can eat meat at any time.


Message History

You are too injured to fight recklessly!
You are too injured to fight recklessly!
You are too injured to fight recklessly!
You are too injured to fight recklessly!
You are too injured to fight recklessly!
You are too injured to fight recklessly!
You are too injured to fight recklessly!
You barely miss the kobold. The hobgoblin hits you.
The giant cockroach barely misses you. The kobold closely misses you.
The frilled lizard bites you but does no damage.
You hit the kobold but do no damage. The giant cockroach misses you.
The hobgoblin hits you. The frilled lizard barely misses you.
The kobold hits you with a +0 short sword.
* * * LOW HITPOINT WARNING * * *
You closely miss the kobold. The giant cockroach barely misses you.
The hobgoblin hits you.
* * * LOW HITPOINT WARNING * * *
The frilled lizard closely misses you.
The kobold hits you with a +0 short sword.
You die...

............
........................
.............#.........#
......................##
................##.รท###
...............# ##..##
.............^###.##..#
......sl......... ##.#
......g@[........ #.#
......K.........# #.#
..#..#?..#.###..### #.##
...........# ##...###..#
..#.###....###..#...##..
... #...#...#..####.....
..#...###.#...## ##....
....## #....### #.... ..
#.........# #....


You could see a giant cockroach, a hobgoblin, a kobold and a frilled lizard.

Vanquished Creatures
  3 giant cockroaches (D:1)
  A kobold (D:1)
  2 bats (D:1)
  A rat (D:1)
7 creatures vanquished.

Notes
Turn   | Place    | Note
-------+----------+-------------------------------------------
     0 | D:1      | popps the Kobold Artificer began the quest for the Orb.
     0 | D:1      | Reached XP level 1. HP: 12/12 MP: 1/1
   145 | D:1      | Reached XP level 2. HP: 15/16 MP: 2/2
   171 | D:1      | Slain by a kobold

Illustrated notes

Levels and vault maps discovered:
D:1:      lightli_arrival_quake, layout_rooms, minmay_tromino_i2

Action                   || total
-------------------------++-------
Melee: Short sword       ||    42
  Eat: Chunk             ||     1
Armor: Leather armour    ||    16
Dodge: Dodged            ||    54

Table legend:
 A = Non-vault XP
 B = Vault XP
 C = Vault XP percentage of total XP
 D = Non-vault monster count
 E = Vault monster count
 F = Vault count percentage of total count
                 A         B        C        D         E       F
            +---------+---------+-------+---------+---------+-------
      Total |      12 |       0 |   0.0 |       7 |       0 |   0.0
            +---------+---------+-------+---------+---------+-------
        D:1 |      12 |       0 |   0.0 |       7 |       0 |   0.0
            +---------+---------+-------+---------+---------+-------
